 Dungeon Crawl Stone Soup version 0.21-a0-278-ga722497 (webtiles) character file.

44677 4thArraOfDagon the Severer (level 14, -1/110 HPs)
             Began as a Human Wanderer on Sept 20, 2017.
             Was a High Priest of Cheibriados.
             Killed from afar by a deep elf knight (33 damage)
             ... with a shard of ice
             ... on level 1 of the Elven Halls.
             The game lasted 00:57:58 (12770 turns).

4thArraOfDagon the Severer (Human Wanderer)        Turns: 12770, Time: 00:57:59

Health: -1/110     AC: 18    Str: 29    XL:     14   Next: 67%
Magic:  19/24      EV: 24    Int: 31    God:    Cheibriados [*****.]
Gold:   1134       SH:  4    Dex: 31    Spells: 14/27 levels left

rFire    . . .     SeeInvis .   S - +1 battleaxe (flame)
rCold    + . .     Gourm    .   (shield currently unavailable)
rNeg     . . .     Faith    .   a - +7 plate armour {ponderous}
rPois    +         Spirit   .   u - +1 helmet
rElec    .         Reflect  +   A - +1 cloak {rPois}
rCorr    .         Harm     .   O - +0 pair of gloves
MR       +....     Clarity  +   L - +0 pair of boots
Stlth    ..........             U - +4 amulet of reflection
HPRegen  0.28/turn              Y - +4 ring of evasion
MPRegen  0.19/turn              X - +5 ring of evasion

@: very slow
A: repulsion field 1, agile 1, clarity, clever 1, cold resistance 1, deformed
body, strong 1
a: Bend Time, Temporal Distortion, Slouch, Step From Time, Renounce Religion


You were on level 1 of the Elven Halls.
You worshipped Cheibriados.
Cheibriados was extremely pleased with you.
You were hungry.

You visited 3 branches of the dungeon, and saw 17 of its levels.
You also visited: Ossuary.

You collected 1673 gold pieces.
You spent 539 gold pieces at shops.

Inventory:

Hand Weapons
 j - a +2 scimitar of flaming
 S - a +1 battleaxe of flaming (weapon)
 W - a +0 antimagic battleaxe
Armour
 a - a +7 plate armour of ponderousness (worn)
 t - the +0 robe of Baldness {Regen+ Str+6}
   (You bought it in a shop on level 2 of the Orcish Mines)

   It affects your strength (+6).
   It increases your rate of regeneration.
 u - a +1 helmet (worn)
 w - a +3 leather armour of poison resistance
 A - a +1 cloak of poison resistance (worn)
 K - the +4 leather armour of Lilacs {+Inv}
   (You found it on level 7 of the Dungeon)

   It lets you turn invisible.
 L - a +0 pair of boots (worn)
 O - a +0 pair of gloves (worn)
Jewellery
 m - a +3 ring of intelligence
 x - an uncursed ring of ice
 G - a +2 ring of intelligence
 H - an uncursed amulet of the gourmand
 U - a +4 amulet of reflection (around neck)
 X - a +5 ring of evasion (right hand)
 Y - a +4 ring of evasion (left hand)
Wands
 b - a wand of digging (12/24)
 e - a wand of enslavement (7/24)
 I - a wand of lightning (0/15)
 J - a wand of lightning (0/15)
 Q - a wand of lightning (8/15)
 V - a wand of confusion (37/48)
Scrolls
 g - a scroll of vulnerability
 n - 7 scrolls of teleportation
 q - 3 scrolls of enchant weapon
 v - 3 scrolls of fear
 y - 2 scrolls of remove curse
 F - 2 scrolls of recharging
 P - a scroll of immolation
Potions
 c - 3 potions of mutation
 d - 4 potions of flight
 i - a potion of heal wounds
 k - 2 potions of cancellation
 l - 6 potions of curing
 o - a potion of berserk rage
 r - a potion of magic
 s - 4 potions of might
 z - a potion of agility
 B - 3 potions of haste
 C - a potion of invisibility
 N - a potion of resistance
 R - a potion of brilliance
Books
 E - a book of Minor Magic

   Spells                             Type                      Level
   a - Magic Dart                     Conjuration                  1
   b - Blink                          Translocation                2
   c - Call Imp                       Summoning                    2
   d - Slow                           Hexes                        2
   e - Conjure Flame                  Conjuration/Fire             3
   f - Mephitic Cloud                 Conjuration/Poison/Air       3
 Z - a book of Geomancy

   Spells                             Type                      Level
   a - Sandblast                      Earth                        1
   b - Passwall                       Transmutation/Earth          2
   c - Stone Arrow                    Conjuration/Earth            3
   d - Petrify                        Transmutation/Earth          4
   e - Lee's Rapid Deconstruction     Earth                        5
Comestibles
 f - 6 bread rations
 h - 3 chunks of flesh
 p - 2 meat rations
 T - a royal jelly


   Skills:
 - Level 10.2 Fighting
 * Level 16.4 Axes
 - Level 7.0 Dodging
 - Level 2.0 Stealth
   Level 1.0 Shields
 + Level 7.2 Spellcasting
 - Level 2.0 Hexes
 - Level 3.8 Earth Magic
 - Level 10.1 Invocations


You had 14 spell levels left.
You knew the following spells:

 Your Spells              Type           Power        Failure   Level  Hunger
a - Sandblast             Erth           #####.       12%         1    None
b - Ensorcelled Hibernat  Hex/Ice        ###...       52%         2    None
c - Confuse               Hex            ###.....     61%         3    None
d - Blink                 Tloc           N/A          65%         2    None
e - Mephitic Cloud        Conj/Pois/Air  ##......     87%         3    None
f - Passwall              Tmut/Erth      ###.......   36%         2    None


Dungeon Overview and Level Annotations

Branches:
Dungeon (14/15)            Temple (0/1) D:4            Lair (0/6) D:8
    Orc (2/2) D:9             Elf (1/3) Orc:2
 Vaults: D:13-14

Altars:
Cheibriados
Dithmenos
Elyvilon
Fedhas
Gozag
Hepliaklqana
Nemelex Xobeh
Ru
Sif Muna
Vehumet
The Shining One
Beogh

Shops:
D:12 *   Orc:2 :(([

Annotations:
D:12 1 exclusion


Innate Abilities, Weirdness & Mutations

You are surrounded by a mild repulsion field. (EV +2)
You are agile. (Dex +2)
You possess an exceptional clarity of mind.
Your mind is acute. (Int +2)
Your flesh is cold resistant. (rC+)
Armour fits poorly on your strangely shaped body.
Your muscles are strong. (Str +2)


Message History

The deep elf knight gestures at you while chanting.
The shard of ice hits you! You partially resist.
* * * LOW HITPOINT WARNING * * *
The deep elf mage gestures wildly while chanting.
The deep elf mage blinks!
The deep elf knight mumbles some strange words.
The deep elf knight flickers and vanishes!
Deactivating autopickup; reactivate with Ctrl-A.
The deep elf knight casts a spell at you.
The stone arrow hits you!
* * * LOW HITPOINT WARNING * * *
Unknown command.
Unknown command.
Unknown command.
You feel much better.
The deep elf mage gestures wildly while chanting.
You hear some strange, mumbled words.
A shard of ice appears from out of thin air!
The shard of ice hits you! You partially resist.
You die...

#....#+...##.##
#.###.
....#..e..'##
##+##.#
#.........##
#..#'##
##.........#
#..).#
###.EEe.8....+
+..#'##
#.....e......#
##+##.#
#....E.e....##
##.
....##.e{..#'#
## ...
##..@#### # #
###)#88#88#8
#)()))).).
#.(.).....
###))#))#.
.)))$.) ))))$..
.[#))# .......


You could see a deep elf knight, 3 earth elementals and 4 deep elf magi.

Vanquished Creatures
  An orc warlord (Orc:2)
  A stone giant (Orc:2)
  2 deep elf demonologists (Elf:1)
  Nessos (Orc:2)
  A deep elf annihilator (Elf:1)
  Snorg (Orc:2)
  A deep elf high priest (Elf:1)
  Erica (D:9)
  A death knight (D:10)
  7 two-headed ogres
  The ghost of Gorice the Archer, a novice GnAM of Okawaru (D:9)
  4 dancing weapons (Elf:1)
  Nergalle (D:11)
  3 deep elf knights (Elf:1)
  3 orc knights
  3 deep elf archers (Elf:1)
  6 deep elf magi (Elf:1)
  The ghost of 4thArraOfDagon the Poker, a novice HuWn of Qazlal (D:4)
  4 orc sorcerers
  An ugly thing (D:12)
  4 cyclopes
  3 small abominations (Elf:1)
  A komodo dragon (D:12)
  6 trolls
  3 hippogriffs
  A slime creature (D:10)
  An air elemental (Elf:1)
  A wraith (D:14)
  A fire elemental (Elf:1)
  A wyvern (D:10)
  Eustachio (D:5)
  2 hungry ghosts
  3 steam dragons
  A soldier ant (D:11)
  2 wargs (Orc:2)
  Edmund (D:6)
  4 vampire mosquitoes (D:14)
  An acid dragon (D:12)
  Duvessa (D:6)
  39 orc warriors
  3 sky beasts
  An eye of draining (D:10)
  A black bear (D:10)
  A necrophage (D:10)
  4 phantoms
  11 ogres
  6 centaurs
  A crocodile (D:10)
  14 bullfrogs
  A gnoll sergeant (D:9)
  Dowan (D:6)
  2 wyvern zombies
  3 scorpions
  4 killer bees
  6 wights
  2 howler monkeys
  3 bullfrog zombies
  An electric eel (D:10)
  5 centaur zombies
  4 crimson imps
  3 bullfrog skeletons
  28 orc priests
  7 hounds
  Crazy Yiuf (D:7)
  3 jellies
  4 iguanas
  32 orc wizards
  8 worker ants
  11 mummies
  13 adders
  7 gnolls
  A howler monkey skeleton (D:5)
  A shadow imp (D:9)
  5 worms
  2 adder skeletons (D:4)
  2 dart slugs (D:1)
  3 leopard geckos
  122 orcs
  6 giant cockroaches
  2 gnoll zombies (Ossuary)
  7 hobgoblins
  15 jackals
  6 kobolds
  6 quokkas
  6 bats
  5 frilled lizards
  9 goblins
  3 hobgoblin zombies (Ossuary)
  A jackal zombie (D:6)
  A leopard gecko skeleton (D:6)
  3 orc zombies (Ossuary)
  8 rats
  3 crawling corpses (Elf:1)
529 creatures vanquished.

Vanquished Creatures (others)
  2 orcs
  A withered plant (D:10)
3 creatures vanquished.

Grand Total: 532 creatures vanquished

Notes
Turn   | Place    | Note
-------+----------+-------------------------------------------
     0 | D:1      | 4thArraOfDagon the Human Wanderer began the quest for the Orb.
     0 | D:1      | 4thArraOfDagon set off with: a book of Maledictions, the Incunabulum of Stones, a +0 robe, a +0 dagger, a bread ration
     0 | D:1      | Reached XP level 1. HP: 16/16 MP: 3/3
     0 | D:1      | Identified the Incunabulum of Stones
     2 | D:1      | Learned a level 1 spell: Sandblast
   110 | D:1      | Reached XP level 2. HP: 23/23 MP: 5/5
   269 | D:2      | 4thArraOfDagon: fajna bron?
   297 | D:2      | Found a sacrificial altar of Ru.
   307 | D:2      | Became a worshipper of Ru the Awakened
   402 | D:2      | Reached XP level 3. HP: 19/28 MP: 1/6
   436 | D:2      | Found a snail-covered altar of Cheibriados.
   441 | D:2      | Fell from the grace of Ru
   441 | D:2      | Became a worshipper of Cheibriados the Contemplative
   459 | D:2      | Rhok: human of Ru :D
   501 | D:1      | Rhok: maybe i'll learn something for mine
   766 | D:1      | 4thArraOfDagon: sorry, I switched xd
   899 | D:1      | Rhok: oh :(
  1073 | D:2      | Rhok: its ok
  1144 | D:2      | Reached XP level 4. HP: 33/35 MP: 3/7
  1549 | D:2      | Reached * piety under Cheibriados
  1900 | D:3      | Learned a level 2 spell: Ensorcelled Hibernation
  1934 | D:3      | Found a hazy altar of Hepliaklqana.
  1988 | D:3      | Reached XP level 5. HP: 20/41 MP: 4/8
  2139 | D:3      | Reached skill level 1 in Dodging
  2139 | D:3      | Reached skill level 1 in Invocations
  2252 | D:3      | Reached XP level 6. HP: 38/47 MP: 3/9
  2449 | D:3      | Reached ** piety under Cheibriados
  2549 | D:4      | Found a shadowy altar of Dithmenos.
  2582 | D:4      | Found a sand-covered staircase.
  2595 | D:4      | Noticed 4thArraOfDagon's ghost (novice HuWn)
  2596 | D:4      | Noticed a phantom
  2615 | D:4      | Gained mutation: Your flesh is cold resistant. (rC+) [potion of mutation]
  2615 | D:4      | Gained mutation: You are somewhat resistant to further mutation. [potion of mutation]
  2615 | D:4      | Gained mutation: Your muscles are strong. (Str +2) [potion of mutation]
  2616 | D:4      | Thaneod: haha
  2650 | D:4      | Killed 4thArraOfDagon's ghost
  2650 | D:4      | Reached XP level 7. HP: 19/55 MP: 10/10
  2687 | D:4      | Reached XP level 8. HP: 28/61 MP: 11/11
  2711 | D:4      | Reached skill level 5 in Fighting
  2715 | D:4      | Found a blossoming altar of Fedhas.
  2728 | D:4      | hmm
  2802 | Ossuary  | Entered an ossuary
  2895 | Ossuary  | Learned a level 3 spell: Confuse
  3099 | Ossuary  | Reached skill level 5 in Invocations
  3282 | D:5      | Entered Level 5 of the Dungeon
  3297 | D:5      | Learned a level 2 spell: Blink
  3297 | D:5      | Noticed Eustachio
  3320 | D:5      | Reached *** piety under Cheibriados
  3447 | D:5      | Noticed Duvessa
  3448 | D:5      | Noticed Dowan
  3476 | D:6      | Killed Duvessa
  3476 | D:6      | Reached skill level 5 in Dodging
  3484 | D:6      | Learned a level 3 spell: Mephitic Cloud
  3495 | D:6      | Noticed Edmund
  3495 | D:6      | Killed Dowan
  3509 | D:6      | Killed Edmund
  3509 | D:6      | Reached XP level 9. HP: 31/69 MP: 7/13
  3516 | D:6      | Rhok: nice
  3739 | D:4      | Found a staircase to the Ecumenical Temple.
  3903 | D:5      | Found a white marble altar of Elyvilon.
  3903 | D:5      | Found a deep blue altar of Sif Muna.
  3904 | D:5      | Found a glowing golden altar of the Shining One.
  3986 | D:5      | Found a blossoming altar of Fedhas.
  3986 | D:5      | Found an opulent altar of Gozag.
  4017 | D:5      | Killed Eustachio
  4211 | D:6      | Reached **** piety under Cheibriados
  4779 | D:7      | Got an ichor-stained leather armour
  4890 | D:7      | Identified the +4 leather armour of Lilacs {+Inv} (You found it on level 7 of the Dungeon)
  4931 | D:7      | Found a runed door.
  4935 | D:7      | Noticed Crazy Yiuf
  4944 | D:7      | Killed Crazy Yiuf
  5031 | D:7      | Reached ***** piety under Cheibriados
  5054 | D:7      | Reached XP level 10. HP: 63/79 MP: 15/15
  5205 | D:8      | Found a staircase to the Lair.
  5226 | D:8      | Lost mutation: You are somewhat resistant to further mutation. [mutagenic meat]
  5227 | D:8      | Gained mutation: Your mind is acute. (Int +2) [mutagenic meat]
  5228 | D:8      | Gained mutation: Armour fits poorly on your strangely shaped body. [mutagenic meat]
  5244 | D:8      | Lost mutation: Armour fits poorly on your strangely shaped body. [potion of mutation]
  5244 | D:8      | Lost mutation: Your muscles are strong. (Str +2) [potion of mutation]
  5244 | D:8      | Gained mutation: You possess an exceptional clarity of mind. [potion of mutation]
  5244 | D:8      | Gained mutation: Armour fits poorly on your strangely shaped body. [potion of mutation]
  5244 | D:8      | Gained mutation: You are agile. (Dex +2) [potion of mutation]
  5568 | D:9      | Noticed a two-headed ogre
  5596 | D:9      | Noticed Gorice's ghost (novice GnAM)
  5718 | D:8      | HP: 3/82 [orc priest/divine providence (15)]
  5726 | D:8      | HP: 2/82 [orc wizard/puff of flame (4)]
  6106 | D:9      | Found a staircase to the Orcish Mines.
  6179 | D:9      | Found a sparkling altar of Nemelex Xobeh.
  6238 | D:9      | Noticed a two-headed ogre
  6259 | D:9      | Killed a two-headed ogre
  6259 | D:9      | Reached skill level 10 in Invocations
  6567 | D:9      | Noticed a two-headed ogre
  6575 | D:9      | Noticed a cyclops
  6585 | D:9      | Reached skill level 1 in Axes
  6881 | D:10     | Entered Level 10 of the Dungeon
  6888 | D:10     | Reached XP level 11. HP: 83/89 MP: 18/18
  6905 | D:10     | Reached skill level 2 in Axes
  6984 | D:10     | Noticed a two-headed ogre
  7017 | D:9      | Noticed Erica
  7029 | D:9      | Killed Erica
  7029 | D:9      | Reached skill level 4 in Axes
  7236 | D:9      | Reached skill level 10 in Fighting
  7460 | D:9      | Killed a two-headed ogre
  7460 | D:9      | Reached skill level 5 in Axes
  7508 | D:9      | Killed a cyclops
  7508 | D:9      | Reached skill level 6 in Axes
  7560 | D:9      | Killed a two-headed ogre
  7731 | D:9      | Found a roughly hewn altar of Beogh.
  7749 | Orc:1    | Entered Level 1 of the Orcish Mines
  7749 | Orc:1    | Noticed a cyclops
  7800 | D:10     | Reached skill level 7 in Axes
  7851 | D:10     | Killed a two-headed ogre
  7851 | D:10     | Reached skill level 8 in Axes
  8112 | D:10     | Reached skill level 9 in Axes
  8112 | D:10     | Reached XP level 12. HP: 97/97 MP: 19/19
  8166 | D:11     | Noticed Nergalle
  8253 | D:11     | Learned a level 2 spell: Passwall
  8525 | D:12     | Noticed a skeletal warrior
  8526 | D:12     | Noticed a skeletal warrior
  8574 | D:12     | Noticed a two-headed ogre
  8790 | D:12     | Reached skill level 10 in Axes
  8793 | D:12     | Gained mutation: Your muscles are strong. (Str +2) [mutagenic meat]
  8794 | D:12     | Gained mutation: You are surrounded by a mild repulsion field. (EV +2) [mutagenic meat]
  8929 | D:12     | Noticed a two-headed ogre
  8939 | D:12     | Killed a two-headed ogre
  9075 | D:12     | Found Zuud's General Store.
  9080 | D:12     | Bought a scroll of teleportation for 36 gold pieces
  9080 | D:12     | Bought a potion of mutation for 96 gold pieces
  9099 | D:12     | Killed a two-headed ogre
  9099 | D:12     | Reached skill level 11 in Axes
  9256 | D:12     | Noticed a two-headed ogre
  9271 | D:12     | Killed a two-headed ogre
  9881 | D:10     | Noticed a death knight
  9950 | D:11     | Reached skill level 12 in Axes
  9959 | D:11     | Identified the +8 whip of Hite {freeze, +Inv Dex+3 SInv} (You found it on level 11 of the Dungeon)
  9985 | D:11     | Killed Nergalle
 10128 | D:10     | Found a radiant altar of Vehumet.
 10156 | D:10     | Killed a death knight
 10312 | D:9      | Killed Gorice's ghost
 10435 | D:9      | Reached XP level 13. HP: 98/103 MP: 20/20
 10612 | D:9      | Reached skill level 13 in Axes
 10670 | D:9      | Reached ****** piety under Cheibriados
 11095 | Orc:2    | Entered Level 2 of the Orcish Mines
 11135 | Orc:2    | Found a roughly hewn altar of Beogh.
 11183 | Orc:2    | Found a staircase to the Elven Halls.
 11214 | Orc:2    | Noticed Snorg
 11219 | Orc:2    | Killed Snorg
 11324 | Orc:2    | Found a roughly hewn altar of Beogh.
 11332 | Orc:2    | Reached skill level 14 in Axes
 11345 | Orc:2    | Found Wanesos's Book Shop.
 11384 | Orc:2    | Noticed a stone giant
 11397 | Orc:2    | Killed a stone giant
 11473 | Orc:1    | Found a roughly hewn altar of Beogh.
 11564 | Orc:2    | Found a roughly hewn altar of Beogh.
 11620 | Orc:2    | Found a roughly hewn altar of Beogh.
 11642 | Orc:2    | Found a roughly hewn altar of Beogh.
 11702 | Orc:2    | Found a roughly hewn altar of Beogh.
 11710 | Orc:2    | 4thArraOfDagon: ! hi
 11836 | Orc:2    | Found a roughly hewn altar of Beogh.
 11848 | Orc:2    | Found Gaonnoaj's Weapon Emporium.
 11883 | Orc:2    | Noticed Nessos
 11973 | Orc:2    | Killed Nessos
 12161 | Orc:2    | Paralysed by an orc sorcerer for 3 turns
 12281 | Orc:2    | Found Raruts's Antique Armour Boutique.
 12281 | Orc:2    | Noticed an orc warlord
 12290 | Orc:2    | Killed an orc warlord
 12290 | Orc:2    | Reached skill level 15 in Axes
 12290 | Orc:2    | Reached skill level 5 in Spellcasting
 12297 | Orc:2    | Found a roughly hewn altar of Beogh.
 12300 | Orc:2    | Found Fedar's Antique Weapon Shop.
 12311 | Orc:2    | Bought a robe for 19 gold pieces
 12311 | Orc:2    | Bought a robe for 19 gold pieces
 12317 | Orc:2    | Bought a heavily jewelled robe for 159 gold pieces
 12317 | Orc:2    | Bought a glowing cloak for 210 gold pieces
 12327 | Orc:2    | Identified the +0 robe of Baldness {Regen+ Str+6} (You bought it in a shop on level 2 of the Orcish Mines)
 12541 | Elf:1    | Entered Level 1 of the Elven Halls
 12557 | Elf:1    | Reached XP level 14. HP: 46/110 MP: 20/22
 12742 | Elf:1    | Noticed a deep elf annihilator
 12745 | Elf:1    | Noticed a deep elf demonologist
 12746 | Elf:1    | Noticed a deep elf demonologist
 12749 | Elf:1    | Killed a deep elf annihilator
 12749 | Elf:1    | Reached skill level 16 in Axes
 12750 | Elf:1    | Killed a deep elf demonologist
 12751 | Elf:1    | Noticed a balrug
 12758 | Elf:1    | Killed a deep elf demonologist
 12770 | Elf:1    | Killed from afar by a deep elf knight

Vault maps used:
D:1:      dpeg_arrival_pond
D:2:      lemuel_doored_altar, nicolae_ru_the_path_less_chosen, first_bread
D:3:      lemuel_crystal_altar, nicolae_overflow_hidden_temple
D:4:      nicolae_dithmenos_through_a_glass_darkly,
          minmay_temple_entry_poolview, nicolae_ossuary_entry_false_entrances,
          st_stairs_8, fedhas_bush_and_centaur_altar
D:5:      gammafunk_temple_overflow_wave, gammafunk_temple_overflow_claw,
          uniq_duvessa, uniq_eustachio
D:6:      kennysheep_mini_moat, uniq_blork_the_orc, uniq_edmund
D:7:      uniq_crazy_yiuf_cottage
D:8:      lair_entry_dummy
D:9:      nicolae_overflow_crystal_walls, minmay_orc_entry_temple_small,
          grunt_livestock, uniq_erica
D:10:     serial_undead, serial_undead_e, serial_undead_c, serial_undead_f,
          serial_undead_e, serial_undead_f, serial_undead_c, serial_undead_c,
          serial_undead_c, serial_undead_f, serial_undead_f,
          minmay_ruined_shrine
D:11:     uniq_nergalle
D:12:     serial_shops, kennysheep_little_box, minmay_misc_feat_plants
D:13:     hangedman_vaults_entry_quadrant_bands, st_stairs_13
D:14:     basic_altar, serial_bayou_pond_b, uniq_kirke
Orc:1:    basic_altar
Orc:2:    grunt_orc_community_town_hall, grunt_orc_community_big_house_2,
          grunt_orc_community_big_house_2, grunt_orc_community_house_2,
          grunt_orc_community_house_3, grunt_orc_community_house_1,
          grunt_orc_community_house_2, grunt_orc_community_house_3,
          grunt_orc_community_house_2, uniq_snorg, uniq_nessos
Elf:1:    eino_elf_arrival_sip, portal_desolation_entry_nicolae_slug,
          orc_legates, roderic_lattice_octagonal_star
Ossuary:  ossuary_tomb_3

Skill      XL: |  1  2  3  4  5  6  7  8  9 10 11 12 13 14 |
---------------+-------------------------------------------+-----
Fighting       | 3 4 6 7 9 10 | 10.2
Earth Magic    | 2 3 |  3.8
Dodging        | 1 3 5 7 |  7.0
Invocations    | 1 3 4 6 7 10 | 10.1
Axes           | 1 9 12 15 16 | 16.4
Spellcasting   | 5 7 |  7.2
Stealth        | |  2.0
Shields        | |  1.0
Hexes          | |  2.0

Action                   |  1- 3 |  4- 6 |  7- 9 | 10-12 | 13-15 || total
-------------------------+-------+-------+-------+-------+-------++-------
Melee: Dagger            |    19 |    85 |   352 |   269 |       ||   725
       Whip              |    97 |    23 |       |       |       ||   120
       Battleaxe         |       |       |       |   297 |   341 ||   638
Throw: Throwing net      |       |       |       |     3 |       ||     3
 Cast: Sandblast         |    33 |    41 |    25 |       |       ||    99
       Ensorcelled Hiber |       |     2 |       |       |       ||     2
       Mephitic Cloud    |       |       |     1 |       |       ||     1
Invok: Slouch            |       |       |       |     8 |     6 ||    14
       Bend Time         |       |       |       |     2 |     2 ||     4
Evoke: Wand              |       |       |     4 |     4 |     5 ||    13
       Phantom mirror    |       |       |       |       |     1 ||     1
  Use: Scroll            |     1 |     4 |       |    22 |     5 ||    32
       Potion            |       |     8 |     2 |     3 |     4 ||    17
 Stab: Sleeping          |     3 |     7 |     3 |    12 |       ||    25
       Invisible         |       |     3 |     2 |       |       ||     5
       Distracted        |       |       |     2 |     2 |       ||     4
       Confused          |       |       |     1 |       |       ||     1
  Eat: Chunk             |     1 |     4 |     2 |    14 |     6 ||    27
       Fruit             |       |     3 |     2 |       |       ||     5
       Royal jelly       |       |       |     2 |     2 |       ||     4
Armor: Robe              |    34 |     7 |       |       |       ||    41
       Skin              |       |    37 |       |       |       ||    37
       Leather armour    |       |    11 |    85 |   115 |       ||   211
       Plate armour      |       |       |       |       |    62 ||    62
Dodge: Dodged            |   102 |    62 |   275 |   682 |   330 ||  1451
Block: Other             |       |       |       |    62 |    57 ||   119
       Reflection        |       |       |       |     4 |     3 ||     7

Table legend:
 A = Spawn XP
 B = Non-spawn XP
 C = Spawn XP percentage of total XP
 D = Spawn monster count
 E = Non-spawn monster count
 F = Spawn count percentage of total count
 G = Total turns spent on level
                    A         B        C        D         E        F      G
               +---------+---------+-------+---------+---------+-------+---------
         Total |       0 |   63825 |   0.0 |       0 |     527 |   0.0 | 12770
               +---------+---------+-------+---------+---------+-------+---------
           D:1 |       0 |      53 |   0.0 |       0 |      28 |   0.0 |   852
           D:2 |       0 |      56 |   0.0 |       0 |      15 |   0.0 |   874
           D:3 |       0 |     195 |   0.0 |       0 |      27 |   0.0 |   733
           D:4 |       0 |    1258 |   0.0 |       0 |      26 |   0.0 |   705
           D:5 |       0 |     422 |   0.0 |       0 |      11 |   0.0 |   424
           D:6 |       0 |     946 |   0.0 |       0 |      17 |   0.0 |   775
           D:7 |       0 |    1190 |   0.0 |       0 |      26 |   0.0 |   709
           D:8 |       0 |    1462 |   0.0 |       0 |      34 |   0.0 |   930
           D:9 |       0 |    9861 |   0.0 |       0 |      64 |   0.0 |  2071
          D:10 |       0 |    5426 |   0.0 |       0 |      42 |   0.0 |   534
          D:11 |       0 |    2006 |   0.0 |       0 |      21 |   0.0 |   647
          D:12 |       0 |    4915 |   0.0 |       0 |      21 |   0.0 |   786
          D:13 |       0 |     441 |   0.0 |       0 |       5 |   0.0 |   382
          D:14 |       0 |    1038 |   0.0 |       0 |       7 |   0.0 |   166
         Orc:1 |       0 |    1336 |   0.0 |       0 |      25 |   0.0 |   310
         Orc:2 |       0 |   13412 |   0.0 |       0 |     104 |   0.0 |  1266
         Elf:1 |       0 |   19654 |   0.0 |       0 |      38 |   0.0 |   229
       Ossuary |       0 |     154 |   0.0 |       0 |      16 |   0.0 |   377
               +---------+---------+-------+---------+---------+-------+---------
